 Dungeon Crawl Stone Soup version 0.23.2-33-g5129a83184 (webtiles) character file.

Game seed: 340428662842302558

431 t4s4d4r the Insei (level 6, -1/43 HPs)
             Began as a Demonspawn Transmuter on July 21, 2019.
             Slain by a jelly (3 damage)
             ... on level 5 of the Dungeon.
             The game lasted 00:09:01 (4739 turns).

t4s4d4r the Insei (Demonspawn Transmuter)           Turns: 4739, Time: 00:09:02

Health: -1/43      AC: -3    Str: 10    XL:     6   Next: 67%
Magic:  9/9        EV: 12    Int: 17    God:
Gold:   307        SH:  0    Dex: 13    Spells: 3/9 levels left

rFire    . . .     SeeInvis .     - Unarmed
rCold    . . .     Gourm    .   (no shield)
rNeg     . . .     Faith    .   b - +0 robe
rPois    .         Spirit   .   v - +1 helmet
rElec    .         Reflect  .   (no cloak)
rCorr    .         Harm     .   y - +0 pair of gloves
MR       .....                  (no boots)
Stlth    +.........             z - amulet of the acrobat
HPRegen  0.14/turn              o - +2 ring of protection
MPRegen  0.11/turn              (no ring)

@: corroded
A: talons 1, thin metallic scales 1, powered by death 2
a: no special abilities


You were on level 5 of the Dungeon.
You were hungry.

You visited 1 branch of the dungeon, and saw 5 of its levels.

You collected 307 gold pieces.

Inventory:

Missiles
 a - 54 arrows
 i - 45 stones (quivered)
Armour
 b - a +0 robe (worn)
 s - a +0 ring mail
 v - a +1 helmet (worn)
 y - a +0 pair of gloves (worn)
Jewellery
 o - a +2 ring of protection (left hand)
 z - an amulet of the acrobat (around neck)
Scrolls
 c - 2 scrolls of fear {unknown}
 f - 2 scrolls of identify
 j - a scroll of noise {unknown}
 k - 4 scrolls of amnesia {unknown}
 l - a scroll of blinking {unknown}
 m - 4 scrolls of enchant weapon
 n - a scroll of immolation {unknown}
 p - 2 scrolls of magic mapping {unknown}
 q - a scroll of fog {unknown}
 r - 2 scrolls of teleportation
 t - 3 scrolls of remove curse {unknown}
 C - a scroll of random uselessness {unknown}
Potions
 e - 3 potions of curing
 g - 2 potions of resistance
 h - 4 potions of heal wounds
 u - a potion of might
 w - 3 potions of flight
 x - a potion of lignification {unknown}
 B - a potion of magic {unknown}
 D - a potion of degeneration {unknown}
Comestibles
 d - 7 rations


   Skills:
 - Level 1.0 Fighting
 - Level 1.7 Dodging
 - Level 6.1 Unarmed Combat
 - Level 2.0 Spellcasting
 + Level 3.6 Transmutations


You had 3 spell levels left.
You knew the following spells:

 Your Spells              Type           Power        Failure   Level  Hunger
a - Beastly Appendage     Tmut           ##....       4%          1    #......
b - Sticks to Snakes      Tmut           ##......     7%          2    ###....
c - Spider Form           Tmut/Pois      #.........   28%         3    ###....

Your spell library contained the following spells:

 Spells                   Type           Power        Failure   Level  Hunger
 Ice Form                 Ice/Tmut       #.......     67%         4    #####..
 Blade Hands              Tmut           ##........   77%         5    ######.


Dungeon Overview and Level Annotations

Branches:
Dungeon (5/15)
 Temple: D:4-7

Altars:

Annotations:
D:4 Grinder


Innate Abilities, Weirdness & Mutations

You have sharp toenails.
You are partially covered in thin metallic scales. (AC +2)
You regenerate health from kills.


Message History

You claw the jelly, but do no damage.
The jelly is moderately wounded.
The jelly closely misses you.
You hit the jelly.
Your hands burn!
You claw the jelly.
The jelly is heavily wounded.
The jelly hits you but does no damage.
You hit the jelly but do no damage. The acid corrodes you!
Your hands burn!
You claw the jelly.
The jelly is severely wounded.
The jelly hits you. The acid corrodes you!
You are splashed with acid!
You barely miss the jelly. You claw the jelly, but do no damage.
The jelly is severely wounded.
The jelly hits you.
You are splashed with acid!
* * * LOW HITPOINT WARNING * * *
You hit the jelly but do no damage.
Your hands burn!
* * * LOW HITPOINT WARNING * * *
You claw the jelly.
The jelly is almost dead.
The jelly hits you.
You die...

#####........
#..........#
#...>......#
#..........##
#...........#
#...........#
#...........#
#...........#+###
#.<....@J.......#
#.........#.....#
####+######..J..#
..... .>... #...
...


You could see a jelly.

Vanquished Creatures
  A sky beast (D:4)
  A phantom (D:4)
  2 hounds (D:4)
  A worker ant (D:4)
  A hound skeleton (D:4)
  Robin (D:4)
  3 adders (D:3)
  An ooze (D:3)
  An adder skeleton (D:5)
  2 worms (D:2)
  5 dart slugs (D:3)
  6 leopard geckos
  6 orcs
  3 ball pythons
  7 bats
  3 giant cockroaches
  17 goblins
  14 hobgoblins
  3 quokkas
  9 frilled lizards
  9 kobolds
  2 quokka skeletons
  8 rats
106 creatures vanquished.

Notes
Turn   | Place    | Note
-------+----------+-------------------------------------------
     0 | D:1      | t4s4d4r the Demonspawn Transmuter began the quest for the
                  | Orb.
     0 | D:1      | Reached XP level 1. HP: 15/15 MP: 3/3
    69 | D:1      | Reached skill level 3 in Unarmed Combat
   250 | D:1      | Gained mutation: You regenerate a little health from kills.
                  | [demonic ancestry]
   250 | D:1      | Reached XP level 2. HP: 17/21 MP: 3/5
   670 | D:2      | HP: 1/21 [hobgoblin (2)]
  1359 | D:2      | Reached XP level 3. HP: 26/26 MP: 4/6
  1659 | D:2      | Reached skill level 4 in Unarmed Combat
  1799 | D:2      | Learned a level 2 spell: Sticks to Snakes
  1803 | D:2      | Learned a level 3 spell: Spider Form
  2150 | D:3      | Mutation became permanent: You have razor-sharp toenails.
                  | [demonic ancestry]
  2150 | D:3      | Gained mutation: You have claws for feet. [demonic
                  | ancestry]
  2150 | D:3      | Reached XP level 4. HP: 30/32 MP: 7/7
  2927 | D:3      | Reached skill level 5 in Unarmed Combat
  3261 | D:4      | Gained mutation: You regenerate health from kills. [demonic
                  | ancestry]
  3261 | D:4      | Reached XP level 5. HP: 37/37 MP: 8/8
  3324 | D:4      | Noticed a phantom
  3599 | D:4      | Noticed a phantom
  3614 | D:4      | Noticed Robin
  4025 | D:4      | Killed a phantom
  4025 | D:4      | Reached skill level 6 in Unarmed Combat
  4053 | D:4      | Killed Robin
  4053 | D:4      | Gained mutation: You are partially covered in thin metallic
                  | scales. (AC +2) [demonic ancestry]
  4053 | D:4      | Reached XP level 6. HP: 37/43 MP: 9/9
  4267 | D:4      | Noticed Grinder
  4635 | D:5      | Entered Level 5 of the Dungeon
  4635 | D:5      | Noticed a sky beast
  4644 | D:4      | Killed a sky beast
  4739 | D:5      | HP: 2/43 [acid (3)]
  4739 | D:5      | Slain by a jelly

Skill      XL: |  1  2  3  4  5  6 |
---------------+-------------------+-----
Unarmed Combat | 3 4 5 6 |  6.1
Transmutations | 3 |  3.6
Fighting       | |  1.0
Dodging        | |  1.7
Spellcasting   | |  2.0

Action                   |  1- 3 |  4- 6 || total
-------------------------+-------+-------++-------
Melee: Unarmed           |   153 |   218 ||   371
       Headbutt          |     9 |       ||     9
       Punch             |     3 |     3 ||     6
       Kick              |     9 |    52 ||    61
 Cast: Beastly Appendage |    24 |       ||    24
       Spider Form       |       |     4 ||     4
       Sticks to Snakes  |       |     3 ||     3
  Use: Scroll            |       |     8 ||     8
 Stab: Sleeping          |     1 |       ||     1
  Eat: Chunk             |     4 |     9 ||    13
Armor: Robe              |    38 |    66 ||   104
       Skin              |       |     3 ||     3
Dodge: Dodged            |    92 |   143 ||   235
